 Dungeon Crawl Stone Soup version 0.15-a0-35-ga771cbd (webtiles) character file.

258 Psiweapon the Ruffian (level 5, -1/40 HPs)
             Began as a Draconian Transmuter on Apr 1, 2014.
             Killed from afar by Sigmund (5 damage)
             ... with a wand of flame
             ... on Level 3 of the Dungeon on Apr 2, 2014.
             The game lasted 00:11:37 (3249 turns).

Psiweapon the Ruffian (Draconian Transmuter)        Turns: 3249, Time: 00:11:37

HP  -1/40        AC  6     Str 13      XL: 5   Next: 17%
MP   9/9         EV 12     Int 14      God:
Gold 98          SH  0     Dex 11      Spells:  1 memorised,  7 levels left

rFire  . . .     SeeInvis .     z - +0 blowgun
rCold  . . .     Clarity  .     (armour unavailable)
rNeg   . . .     Conserve .     (no shield)
rPois  .         rCorr    .     (helmet restricted)
rElec  .         rRot     .     r - +0 cloak
SustAb . .       Spirit   .     (no gloves)
rMut   .         Warding  .     (no boots)
Saprov . . .     Rnd*Tele +     (no amulet)
MR     .....                    c - ring of teleport control
                                p - cursed ring of teleportation

@: not resistant to hostile enchantments, unstealthy
A: unfitting armour, AC +5
a: Evoke Teleportation, Evoke Teleport Control


You were on level 3 of the Dungeon.
You were hungry.

You visited 1 branch of the dungeon, and saw 3 of its levels.

You collected 98 gold pieces.

Inventory:

Hand weapons
 l - a +0,+0 hand axe
 y - a +1,+1 whip of draining
 z - a +0 blowgun (weapon)
Missiles
 b - 12 arrows
 x - 21 bolts
 D - 8 poisoned needles (quivered)
Armour
 r - a +0 cloak (worn)
Comestibles
 a - 3 bread rations
 m - 14 grapes
 t - 2 pears
 u - an orange
 v - an apple
 w - an apricot
 C - 2 rotting chunks of worm flesh
 F - a rotting chunk of giant gecko flesh
 G - 2 rotting chunks of goblin flesh
Scrolls
 e - 2 scrolls of magic mapping {unknown}
 g - 5 scrolls of identify {unknown}
 h - a scroll of enchant armour {unknown}
 i - a scroll of enchant weapon II {unknown}
 j - 3 scrolls of teleportation {unknown}
 k - a scroll of random uselessness {unknown}
 n - a scroll of immolation {unknown}
 o - 4 scrolls of noise {unknown}
 q - a scroll of remove curse {unknown}
Jewellery
 c - a ring of teleport control (right hand)
 p - a cursed ring of teleportation (left hand)
Potions
 s - a potion of brilliance {unknown}
 B - a potion of restore abilities {unknown}
 E - a potion of curing {unknown}
Books
 d - a book of Changes

   Spells                             Type                      Level
   *Beastly Appendage                 Transmutation                1
   Sticks to Snakes                   Transmutation                2
   Spider Form                        Transmutation/Poison         3
   Ice Form                           Ice/Transmutation            4
   Blade Hands                        Transmutation                5


   Skills:
 - Level 1.1 Fighting
 - Level 1.7 Dodging
 + Level 4.6 Unarmed Combat
 - Level 2.0 Spellcasting
 + Level 4.1 Transmutations


You had 7 spell levels left.
You knew the following spells:

 Your Spells              Type           Power        Failure   Level  Hunger
a - Beastly Appendage     Trmt           ##....       4%          1    ##.....


Dungeon Overview and Level Annotations

Branches:
Dungeon (3/15)

Altars:
Fedhas

Annotations:
D:3 Sigmund


Message History

Something tries to affect you, but you resist!
You hear a zap!
The puff of flame hits you!!!
Firing (i - inventory! (,) - cycle):
A - 2 curare-tipped needles (quivered)
Press: ? - help, Shift-Dir - straight line You shoot a curare-tipped needle!
Firing (i - inventory! (,) - cycle):
A - a curare-tipped needle (quivered)
Press: ? - help, Shift-Dir - straight line You shoot a curare-tipped needle!
The curare-tipped needle hits something!
Firing (i - inventory):
D - 9 poisoned needles (quivered)
Press: ? - help, Shift-Dir - straight line You shoot a poisoned needle!
The poisoned needle hits something!
The puff of flame hits you!!!
* * * LOW HITPOINT WARNING * * *
The puff of flame hits you!!!
* * * LOW HITPOINT WARNING * * *
You hear a zap!
The puff of flame hits you!!!
You die!!!

.<##..........####.#
#.##.##...>...####.#
#.##.##.####.##....#
........# #.##.##.####
#.##.#### #.##.##......
#.##.# #.......### ..##.##
####.##### ###...# #......#
#...# #.#@##.# #...#
#...##.######## ###...#####
#.#.##.##.....#
......%...####.#.##.##.....#
...........................#
..........#.##.#.###.#.....#
###...##.##..........#.....#
###...##.#####.#.###########
......##.#####.#(#


There were no monsters in sight!

Vanquished Creatures
  Ijyb (D:3)
  3 gnolls (D:2)
  4 adders
  4 worms
  2 giant geckos
  An orc (D:3)
  2 giant cockroaches
  11 hobgoblins
  4 jackals (D:2)
  A quokka (D:3)
  7 bats
  A giant newt (D:2)
  4 goblins
  2 kobolds (D:3)
  7 rats
54 creatures vanquished.

Notes
Turn   | Place    | Note
--------------------------------------------------------------
     0 | D:1      | Psiweapon, the Draconian Transmuter, began the quest for the Orb.
     0 | D:1      | Reached XP level 1. HP: 16/16 MP: 3/3
   453 | D:1      | Reached XP level 2. HP: 23/23 MP: 2/4
  1129 | D:2      | Reached XP level 3. HP: 23/28 MP: 6/6
  1673 | D:2      | Upgraded the game from 0.15-a0-33-ga435e27 to 0.15-a0-35-ga771cbd
  1687 | D:2      | Reached skill level 4 in Unarmed Combat
  1693 | D:2      | Reached XP level 4. HP: 16/35 MP: 7/7
  2367 | D:2      | Found a blossoming altar of Fedhas.
  2526 | D:3      | Noticed Ijyb
  2538 | D:3      | Killed Ijyb
  2679 | D:3      | Reached XP level 5. HP: 40/40 MP: 7/9
  3229 | D:3      | Noticed Sigmund
  3249 | D:3      | Killed from afar by Sigmund

Action                   |  1- 3 |  4- 6 || total
-------------------------+-------+-------++-------
Melee: Unarmed           |   115 |   115 ||   230
 Fire: Blowgun           |       |    19 ||    19
 Cast: Beastly Appendage |    16 |    17 ||    33
 Abil: Evoke Teleport Co |       |     2 ||     2
  Use: Potion            |       |     2 ||     2
